 Dungeon Crawl Stone Soup version 0.28-a0-909-g796cbd3a86 (webtiles) character file.

Game seed: 6549473302513050361

3404 MacCMillion the Cleaver (level 10, -5/83 (86) HPs)
             Began as a Hill Orc Fighter on Nov 25, 2021.
             Was a Priest of Yredelemnul.
             Slain by an orc warrior (7 damage)
             ... in a bailey.
             The game lasted 00:33:49 (10442 turns).

MacCMillion the Cleaver (Hill Orc Fighter)         Turns: 10442, Time: 00:33:50

HP:   -5/83 (86)    AC: 10    Str: 23    XL:     10   Next: 4%
MP:   14/14         EV:  9    Int:  8    God:    Yredelemnul [***...]
Gold: 342           SH:  4    Dex: 10    Spells: 9/9 levels left

rFire   . . .      SeeInvis .   a - +0 war axe (flame)
rCold   . . .      Faith    .   c - +0 buckler
rNeg    . . .      Spirit   .   x - +2 scale mail of Taeck {rElec rPois}
rPois   +          Reflect  .   (no helmet)
rElec   +          Harm     .   t - +0 cloak
rCorr   .          Rampage  .   (no gloves)
Will    .....                   (no boots)
Stlth   ..........              (no amulet)
HPRegen 0.23/turn               (no ring)
MPRegen 0.14/turn               (no ring)

@: lightly drained
A: no striking features
a: Renounce Religion, Recall Undead Slaves, Injury Mirror, Animate Dead


You were in a bailey.
You worshipped Yredelemnul.
Yredelemnul was most pleased with you.
You visited 2 branches of the dungeon, and saw 9 of its levels.
You also visited: Sewer and Bailey.

You collected 342 gold pieces.

Inventory:

Hand Weapons
 a - a +0 war axe of flaming (weapon)
 b - a +0 hunting sling
 u - a +0 shortbow
Missiles
 d - 6 curare-tipped darts (quivered)
 f - 5 javelins
 h - 173 stones
 j - 15 poisoned darts
 z - 3 boomerangs
Armour
 c - a +0 buckler (worn)
 k - a +0 kite shield
 t - a +0 cloak (worn)
 x - the +2 scale mail of Taeck (worn) {rElec rPois}
   (You found it on level 4 of the Dungeon)

   rElec:     It insulates you from electricity.
   rPois:     It protects you from poison.
 y - a +0 scale mail
 G - a scarf of shadows
Jewellery
 B - a ring of flight
Wands
 E - a wand of flame (20)
Scrolls
 e - a scroll of fog
 i - 4 scrolls of amnesia
 l - a scroll of holy word {unknown}
 m - 4 scrolls of teleportation
 p - a scroll of fear {unknown}
 s - a scroll of blinking {unknown}
 v - a scroll of noise
 w - a scroll of silence {unknown}
Potions
 g - a potion of lignification
 n - a potion of brilliance {unknown}
 o - 3 potions of mutation
 q - 4 potions of heal wounds {unknown}
 r - a potion of curing
 A - 2 potions of degeneration {unknown}
 C - a potion of attraction {unknown}
 D - a potion of ambrosia {unknown}
 F - a potion of might


   Skills:
 - Level 7.0 Fighting
 + Level 14.1 Axes
 - Level 3.0 Throwing
 - Level 5.0 Armour
 - Level 4.0 Shields
 - Level 6.0 Invocations


You had 9 spell levels left.
You didn't know any spells.
Your spell library contained the following spells:

 Spells                   Type           Power      Damage    Failure   Level
 Animate Skeleton         Necr           0%         N/A       71%         1
 Pain                     Necr           0%         1d4       71%         1
 Sting                    Tmut/Pois      0%         1d3       71%         1
 Passwall                 Tmut/Erth      0%         N/A       83%         2
 Poisonous Vapours        Pois/Air       0%         N/A       83%         2
 Swiftness                Air            0%         N/A       97%         3
 Vampiric Draining        Necr           0%         2d6       97%         3
 Olgreb's Toxic Radiance  Pois           0%         N/A       100%        4
 Summon Lightning Spire   Summ/Air       0%         N/A       100%        4
 Storm Form               Tmut/Air       0%         N/A       100%        7
 Maxwell's Capacitive Co  Air            0%         ∞         100%        8


Dungeon Overview and Level Annotations

Branches:
Dungeon (8/15)             Temple (1/1) D:5           Sewer (visited)
 Bailey (1/1)
   Lair: D:8-11

Altars:
Ashenzari
Cheibriados
Dithmenos
Gozag
Kikubaaqudgha
Nemelex Xobeh
Okawaru
Qazlal
Ru
Trog
Uskayaw
Vehumet
Wu Jian
Xom
Yredelemnul
Zin
The Shining One

Shops:
D:3 :


Message History

The orc warrior hits you with a +5 halberd!
Your orc skeleton closely misses the orc warrior.
The orc warrior hits you from afar with a +5 halberd!
* * * LOW HITPOINT WARNING * * *
You see here 24 gold pieces.
Your orc skeleton hits the orc warrior but does no damage.
Your orc skeleton closely misses the orc warrior.
Your orc skeleton hits the orc warrior with a +0 hand axe.
The orc warrior hits your orc skeleton with a +5 halberd!
Your orc skeleton is destroyed!
You see here 19 gold pieces.
Your orc skeleton closely misses the orc warrior.
Your orc skeleton barely misses the orc warrior.
Your orc skeleton hits the orc warrior but does no damage.
There is an open door here.
Your orc skeleton hits the orc with a +0 halberd.
Your orc skeleton hits the orc warrior but does no damage. x2
Your orc skeleton hits the orc with a +0 hand axe.
The orc dies!
Yredelemnul accepts your kill.
Your orc skeleton closely misses the orc warrior.
Something hits your orc skeleton.
Your orc skeleton hits something from afar with a +0 halberd.
The orc warrior hits you with a +5 halberd!
* * * LOW HITPOINT WARNING * * *
You closely miss the orc warrior.
The orc warrior is lightly wounded.
You block the orc warrior's attack. The orc warrior barely misses you.
The orc warrior shouts!
You hit the orc warrior but do no damage.
The orc warrior is lightly wounded.
The orc warrior barely misses you.
The orc warrior hits you with a +5 halberd.
* * * LOW HITPOINT WARNING * * *
The orc hits you from afar with a +0 trident.
* * * LOW HITPOINT WARNING * * *
The orc warrior hits you but does no damage.
The orc warrior hits you from afar with a +5 halberd!
You die...
Your body rises from the dead as a mindless zombie.

#.......#
#∩.....∩#
#.......#
#.......#
#.......#
#...)...#
#..).)..#
#.....o.#
#.).@...#
#.......#
##.ooo.##
###o###
#...#
#$o)#
#$$o#
#)).#
###)###


You could see 3 orc warriors and 4 orcs.

Vanquished Creatures
  Pikel (D:4)
  Grinder (Sewer)
  Eustachio (D:4)
  Menkaure (D:5)
  3 water moccasins
  An ice beast (D:6)
  An orc warrior (Bailey)
  A hornet zombie (D:6)
  3 lemures (D:4)
  4 kobold brigands
  2 phantoms
  A gnoll sergeant (D:6)
  A scorpion (D:4)
  3 water moccasin zombies (D:6)
  A wyvern skeleton (D:6)
  A water moccasin skeleton (D:4)
  A wight (D:8)
  A quasit (Sewer)
  6 bullfrog zombies (D:6)
  4 hounds
  2 centaur zombies
  2 jellies
  2 bullfrog skeletons (D:6)
  A centaur skeleton (D:4)
  Jessica (D:3)
  An iguana (D:6)
  Natasha (thrice) (D:3)
  2 orc wizards
  A killer bee zombie (D:6)
  2 howler monkey zombies (D:6)
  A howler monkey skeleton (D:6)
  7 adders
  6 gnolls
  2 shadow imps (Sewer)
  A white imp (D:6)
  7 ufetubi
  An adder zombie (D:5)
  29 orcs
  6 ball pythons
  7 bats
  5 endoplasms
  8 giant cockroaches
  5 goblins
  10 hobgoblins
  2 jackals (D:1)
  31 kobolds
  3 quokkas
  A frilled lizard (D:1)
  A giant cockroach zombie (Sewer)
  A kobold zombie (Sewer)
  2 rats
191 creatures vanquished.

Vanquished Creatures (collateral kills)
  A centaur zombie (D:6)
  A howler monkey zombie (D:6)
  2 orcs (Bailey)
  2 kobolds
6 creatures vanquished.

Vanquished Creatures (others)
  A water moccasin zombie (D:7)
  2 giant cockroach zombies (Sewer)
  4 kobold zombies
  8 orc skeletons (Bailey)
  A plant (D:6)
  9 withered plants (D:6)
25 creatures vanquished.

Grand Total: 222 creatures vanquished

Notes
Turn   | Place    | Note
-------+----------+-------------------------------------------
     0 | D:1      | MacCMillion the Hill Orc Fighter began the quest for the
                  | Orb.
     0 | D:1      | Reached XP level 1. HP: 19/19 MP: 1/1
   594 | D:1      | Reached skill level 3 in Axes
   594 | D:1      | Reached XP level 2. HP: 27/27 MP: 2/2
   667 | D:1      | Found a faded altar of an unknown god.
  1506 | D:2      | Reached XP level 3. HP: 33/33 MP: 3/3
  1898 | D:3      | Noticed Natasha
  1904 | D:3      | Killed Natasha
  1905 | D:3      | Reached XP level 4. HP: 40/40 MP: 4/4
  1930 | D:3      | Reached skill level 4 in Axes
  1989 | D:3      | Noticed Natasha
  2092 | D:3      | Noticed Jessica
  2191 | D:3      | Killed Jessica
  2350 | D:3      | Noticed a kobold brigand
  2475 | D:3      | Reached XP level 5. HP: 35/47 MP: 5/5
  2798 | D:3      | Killed Natasha
  2799 | D:3      | Reached skill level 1 in Throwing
  2902 | D:3      | Noticed Natasha
  2908 | D:3      | Killed a kobold brigand
  2909 | D:3      | Reached skill level 5 in Axes
  2909 | D:3      | Reached XP level 6. HP: 13/53 MP: 6/6
  2911 | D:3      | Killed Natasha
  3182 | D:3      | Found Rophado's Book Emporium.
  3854 | D:4      | Reached skill level 5 in Fighting
  3909 | D:4      | Reached skill level 6 in Axes
  4484 | D:4      | Reached XP level 7. HP: 54/61 MP: 7/7
  4669 | D:4      | Reached skill level 5 in Armour
  4701 | D:4      | You fall into a shaft and drop 1 floor!
  4701 | D:5      | Entered Level 5 of the Dungeon
  4709 | D:5      | Noticed Eustachio
  4737 | D:5      | Found a staircase to the Ecumenical Temple.
  4737 | D:5      | Noticed Menkaure
  4743 | Temple   | Entered the Ecumenical Temple
  4838 | Temple   | Became a worshipper of Yredelemnul the Dark
  4877 | D:5      | Noticed Pikel
  5160 | D:4      | Identified the +2 scale mail of Taeck {rElec rPois}
  5340 | D:4      | Reached skill level 7 in Axes
  5496 | D:4      | Killed Pikel
  5497 | D:4      | Reached skill level 9 in Axes
  5497 | D:4      | Reached XP level 8. HP: 23/68 MP: 8/8
  6173 | D:4      | Reached skill level 10 in Axes
  6261 | D:4      | Killed Eustachio
  6347 | D:5      | Killed Menkaure
  6619 | D:5      | Reached skill level 11 in Axes
  7157 | D:6      | Found a snail-covered altar of Cheibriados.
  7183 | D:6      | Reached skill level 1 in Invocations
  7232 | D:6      | Reached XP level 9. HP: 72/77 MP: 10/10
  7237 | D:6      | Reached * piety under Yredelemnul
  7320 | D:6      | Found a glowing drain.
  7339 | Sewer    | Entered a sewer
  7786 | Sewer    | Found a burning altar of Makhleb.
  7805 | Sewer    | Reached ** piety under Yredelemnul
  7857 | Sewer    | Noticed Grinder
  7871 | Sewer    | Killed Grinder
  7872 | Sewer    | Reached skill level 5 in Invocations
  8254 | D:6      | Reached skill level 12 in Axes
  8536 | D:6      | Reached skill level 13 in Axes
  8992 | D:7      | Noticed a cyclops
  9572 | D:8      | Noticed a hornet
  9583 | D:8      | Reached XP level 10. HP: 74/86 MP: 14/14
  9857 | D:8      | Found a flagged portal.
  9866 | Bailey   | Entered a bailey
  9976 | Bailey   | Reached *** piety under Yredelemnul
 10423 | Bailey   | Reached skill level 14 in Axes
 10441 | Bailey   | HP: 2/83 [orc (4)]
 10442 | Bailey   | Slain by an orc warrior

Illustrated notes

Levels and vault maps discovered:
D:1:      tarquinn_simple_flora_water_d, layout_basic,
          nicolae_ecumenical_snake_handling, minmay_pentomino_z4
D:2:      layout_loops_cross, moated_statue
D:3:      cheibrodos_thug_alley, layout_loops_ring, serial_shops,
          nicolae_shop_behind_doors, uniq_jessica, uniq_natasha
D:4:      layout_rooms
D:5:      layout_rooms, minmay_temple_entry_ruins, minmay_misc_feat_diagonals,
          uniq_pikel, uniq_menkaure, uniq_eustachio
D:6:      minmay_skewed_foursquare, layout_basic, mainiacjoe_overflow_boulevard,
          serial_undead, serial_undead_a, serial_undead_e, serial_undead_b,
          serial_undead_f, serial_undead_c, serial_undead_a, serial_undead_f,
          serial_undead_f, serial_undead_e, serial_undead_b,
          gup_sewer_entry_pipe
D:7:      minmay_chambers_of_sevens, layout_basic
D:8:      layout_basic, enter_bailey_6
Temple:   lightli_temple_of_artemis
Bailey:   bailey_polearm_5, bailey

Skill      XL: |  1  2  3  4  5  6  7  8  9 10 |
---------------+-------------------------------+-----
Axes           | 3 4 5 6 9 11 13 14 | 14.1
Fighting       | 4 5 6 7 |  7.0
Shields        | 4 |  4.0
Armour         | 4 5 |  5.0
Throwing       | 1 2 3 |  3.0
Invocations    | 2 6 |  6.0

Action                   |  1- 3 |  4- 6 |  7- 9 | 10-12 || total
-------------------------+-------+-------+-------+-------++-------
Melee: War axe           |    82 |   102 |   369 |    31 ||   584
Throw: Stone             |       |     8 |       |       ||     8
       Dart              |       |     4 |     6 |       ||    10
       Javelin           |       |       |     1 |       ||     1
Invok: Animate Remains   |       |       |    10 |       ||    10
       Animate Dead      |       |       |       |     1 ||     1
  Use: Scroll            |       |     4 |     5 |       ||     9
       Potion            |       |     1 |       |       ||     1
Armor: Scale mail        |    37 |    36 |   151 |    18 ||   242
Dodge: Dodged            |    43 |    53 |   162 |    40 ||   298
Block: Buckler           |    17 |    21 |    75 |    11 ||   124

Table legend: (Time is in decaauts)
 A = Elapsed time spent in this place.
 B = Non-inter-level travel time spent in this place.
 C = Inter-level travel time spent in this place.
 D = Time resting spent in this place.
 E = Time spent auto-exploring this place.
 F = Levels seen in this place.
 G = Mean time per level.
                   A        B        C        D        E       F      G
               +--------+--------+--------+--------+--------+-----+--------+
         Total |  10524 |  10201 |    323 |   3776 |   3791 |  11 |  956.7 |
       Dungeon |   9141 |   8818 |    323 |   3058 |   3512 |   8 | 1142.6 |
        Temple |    112 |    112 |      0 |      0 |     81 |   1 |  112.0 |
         Sewer |    699 |    699 |      0 |    224 |    188 |   1 |  699.0 |
        Bailey |    571 |    571 |      0 |    494 |     10 |   1 |  571.0 |
               +--------+--------+--------+--------+--------+-----+--------+

Top non-repeatable levels by time:
     D:3: 2118 daAuts
     D:4: 1907 daAuts
     D:6: 1313 daAuts
     D:1: 1288 daAuts
     D:2: 890 daAuts
     D:5: 820 daAuts
   Sewer: 699 daAuts
     D:7: 635 daAuts
  Bailey: 571 daAuts
     D:8: 167 daAuts
  Temple: 112 daAuts
